 Dungeon Crawl Stone Soup version 0.21.1-1-g345015fe64 (webtiles) character file.

8752 FreshCat the Grappler (level 11, -2/89 HPs)
             Began as a Ghoul Monk on Mar 22, 2018.
             Was the Champion of Okawaru.
             Slain by a minotaur
             ... wielding a +0 eveningstar
              (28 damage)
             ... in a labyrinth on Mar 25, 2018.
             The game lasted 01:28:11 (9198 turns).

FreshCat the Grappler (Ghoul Monk)                  Turns: 9198, Time: 01:28:12

Health: -2/89      AC: 12    Str: 25    XL:     11   Next: 35%
Magic:  0/21       EV: 15    Int:  5    God:    Okawaru [******]
Gold:   312        SH:  0    Dex: 13    Spells: 9/10 levels left

rFire    + + .     SeeInvis .     - Unarmed
rCold    . . .     Gourm    .   (no shield)
rNeg     + + +     Faith    .   a - +2 leather armour {rF+}
rPois    ∞         Spirit   +   f - +2 helmet
rElec    .         Reflect  .   u - scarf {Spirit}
rCorr    +         Harm     .   F - +1 pair of gloves {Str+3}
MR       .....                  C - +0 pair of boots of the Invisible Hand {rF+ rC- rCorr Slay+6}
Stlth    ++++......             (no amulet)
HPRegen  0.00/turn              h - ring of resist corrosion
MPRegen  0.17/turn              z - ring of magical power

@: mighty, rotting
A: rotting body, claws 1, carnivore, cold resistance 1, negative energy
resistance 3, inhibited regeneration, torment resistance, unbreathing
a: Heroism, Finesse, Renounce Religion


You were in a labyrinth.
You worshipped Okawaru.
Okawaru was exalted by your worship.
You were not hungry.

You visited 2 branches of the dungeon, and saw 12 of its levels.
You also visited: Labyrinth.

You collected 312 gold pieces.

Inventory:

Hand Weapons
 E - the +5 hand crossbow of the Feather {velocity, rN+, unknown}
   (You found it in a labyrinth)

   Any bolt fired from it inflicts extra damage.
   It protects you from negative energy.
Missiles
 g - 405 stones (quivered)
 k - 3 curare-tipped needles
 r - 9 tomahawks
Armour
 a - a +2 leather armour of fire resistance (worn)
 c - a +0 plate armour of cold resistance
 f - a +2 helmet (worn)
 j - a scarf of resistance
 u - a scarf of spirit shield (worn)
 C - the +0 pair of boots of the Invisible Hand (worn) {rF+ rC- rCorr Slay+6}
   (You found it on level 8 of the Dungeon)

   It affects your accuracy and damage with ranged weapons and melee attacks
   (+6).
   It protects you from fire.
   It makes you vulnerable to cold.
   It protects you from acid and corrosion.
 F - a +1 pair of gloves of strength (worn)
Jewellery
 h - a ring of resist corrosion (left hand)
 z - a ring of magical power (right hand)
Wands
 l - a wand of random effects (33)
 q - a wand of iceblast (6)
 x - a wand of flame (12)
Scrolls
 e - a scroll of teleportation
 n - 2 scrolls of amnesia
 o - a scroll of fear {unknown}
 p - a scroll of noise
 s - a scroll of immolation {unknown}
 t - 6 scrolls of remove curse
 w - a scroll of brand weapon {unknown}
 D - a scroll of magic mapping {unknown}
Potions
 d - 2 potions of might
 A - a potion of flight
 B - 3 potions of brilliance
Books
 y - a book of Frost

   Spells                             Type                      Level
   a - Freeze                         Ice                          1
   b - Throw Frost                    Conjuration/Ice              2
   c - Ozocubu's Armour               Charms/Ice                   3
   d - Throw Icicle                   Conjuration/Ice              4
   e - Summon Ice Beast               Ice/Summoning                4
Comestibles
 b - 15 rations


   Skills:
 + Level 6.2 Fighting
 - Level 0.2 Throwing
 + Level 4.7 Armour
 + Level 6.1 Dodging
 * Level 9.7 Stealth
 + Level 12.9 Unarmed Combat
 + Level 0.3 Invocations
 + Level 2.8 Evocations


You had 9 spell levels left.
You knew the following spells:

 Your Spells              Type           Power        Failure   Level  Hunger
a - Freeze                Ice            #...         52%         1    ##.....


Dungeon Overview and Level Annotations

Branches:
Dungeon (11/15)            Temple (1/1) D:4
   Lair: D:8-11         Orc: D:9-12

Altars:
Cheibriados
Dithmenos
Elyvilon
Fedhas
Gozag
Hepliaklqana
Kikubaaqudgha
Makhleb
Nemelex Xobeh
Okawaru
Qazlal
Ru
Sif Muna
Trog
Uskayaw
Wu Jian
Xom
Yredelemnul
The Shining One

Shops:
D:8 (


Innate Abilities, Weirdness & Mutations

Your body is rotting away.
You thrive on raw meat.
You are immune to poison.
You have sharp fingernails.
You are carnivorous and can eat meat at any time.
Your flesh is cold resistant. (rC+)
You are immune to negative energy. (rN+++)
You do not regenerate when monsters are visible.
You are immune to unholy pain and torment.
You can survive without breathing.


Message History

The minotaur hits you with an eveningstar!!
The minotaur gores you.
You barely miss the minotaur.
The minotaur is moderately wounded.
The minotaur blocks your attack.
The minotaur is moderately wounded.
The minotaur hits you with an eveningstar!!
The minotaur gores you!
* * * LOW HITPOINT WARNING * * *
Quiver which item? (- for none, * to show all) (? for menu, Esc to quit)
Okay, then.
You feel better.
The minotaur hits you with an eveningstar!
* * * LOW HITPOINT WARNING * * *
The minotaur barely misses you.
You feel very mighty all of a sudden. The minotaur blocks your attack.
The minotaur is moderately wounded.
The minotaur hits you with an eveningstar!!
You die...

.# .# .# ##
#.# . # #.
####.# ##
#...#.#§# ..
###
#§#§###.#
#...
§§§§§§.#
####§##@##.#
#. ...#8H8#
#.#...#...#
#.#.#8§8#
#.#.#:.)# #.
.#.#8.8# # #
#.###.#) [#
#.
#.....#8<8#
. ## .. # .


You could see a minotaur.

Vanquished Creatures
  3 two-headed ogres
  A cyclops (D:9)
  Maurice (D:10)
  2 gargoyles (Lab)
  The ghost of Thargor the Charmwright, a novice GnSk of Makhleb (D:6)
  A redback (Lab)
  2 wyverns (D:8)
  6 yaks
  3 humans (D:7)
  4 hogs (D:7)
  6 hungry ghosts
  A phantom (D:9)
  2 sky beasts
  A black bear (D:9)
  An ice beast (D:9)
  2 orc warriors
  An ogre (D:10)
  3 bullfrogs
  A water moccasin zombie (D:9)
  4 wights (D:7)
  3 killer bees (D:7)
  2 crimson imps
  2 bullfrog skeletons
  An orc priest (D:8)
  2 iguanas (D:9)
  12 orc wizards
  A centaur skeleton (D:10)
  Terence (D:2)
  3 worker ants
  A killer bee zombie (D:8)
  A worker ant zombie (D:9)
  5 adders
  7 gnolls
  A howler monkey skeleton (D:5)
  3 shadow imps
  An ooze (D:3)
  3 adder skeletons
  4 worms (D:2)
  5 dart slugs
  2 leopard geckos
  26 orcs
  14 bats
  2 giant cockroaches
  8 goblins
  10 hobgoblins
  15 jackals
  3 quokkas
  4 ball pythons
  7 frilled lizards
  5 kobolds
  2 quokka skeletons
  A quokka zombie (D:8)
  5 rats
208 creatures vanquished.

Notes
Turn   | Place    | Note
-------+----------+-------------------------------------------
     0 | D:1      | FreshCat the Ghoul Monk began the quest for the Orb.
     0 | D:1      | Reached XP level 1. HP: 19/19 MP: 0/0
   146 | D:1      | Reached XP level 2. HP: 21/26 MP: 1/1
   585 | D:1      | Reached XP level 3. HP: 28/31 MP: 2/2
   660 | D:2      | Noticed Terence
   680 | D:2      | Killed Terence
   680 | D:2      | Reached skill level 4 in Unarmed Combat
   895 | D:2      | Reached XP level 4. HP: 40/40 MP: 3/3
  1058 | D:2      | Found a white marble altar of Elyvilon.
  1449 | D:2      | Found a hide-covered altar of Uskayaw.
  1804 | D:2      | Found a bloodstained altar of Trog.
  2081 | D:3      | Reached XP level 5. HP: 46/46 MP: 4/4
  2628 | D:4      | Found a staircase to the Ecumenical Temple.
  2646 | Temple   | Entered the Ecumenical Temple
  2762 | Temple   | Became a worshipper of Warmaster Okawaru
  2762 | Temple   | Reached * piety under Okawaru
  2762 | Temple   | Reached ** piety under Okawaru
  2937 | D:4      | Found a stormy altar of Qazlal.
  2965 | D:5      | Entered Level 5 of the Dungeon
  2974 | D:4      | Reached skill level 1 in Armour
  2982 | D:5      | Reached skill level 5 in Unarmed Combat
  3036 | D:4      | Reached XP level 6. HP: 26/51 MP: 5/5
  3835 | D:5      | Reached skill level 6 in Unarmed Combat
  4199 | D:5      | Found a white marble altar of Elyvilon.
  4277 | D:5      | Reached XP level 7. HP: 46/58 MP: 6/6
  4446 | D:5      | Reached *** piety under Okawaru
  4561 | D:5      | Reached skill level 5 in Stealth
  5197 | D:6      | Noticed Thargor's ghost (novice GnSk)
  5220 | D:6      | Killed Thargor's ghost
  5220 | D:6      | Reached skill level 7 in Unarmed Combat
  5220 | D:6      | Reached XP level 8. HP: 17/66 MP: 1/7
  5320 | D:6      | Reached **** piety under Okawaru
  5487 | D:8      | Found Luoma's Weapon Shop.
  5600 | D:7      | Reached skill level 8 in Unarmed Combat
  5678 | D:7      | Found an iron altar of Okawaru.
  5852 | D:7      | Reached XP level 9. HP: 30/72 MP: 6/8
  6073 | D:7      | Reached ***** piety under Okawaru
  6073 | D:7      | Reached skill level 9 in Unarmed Combat
  6101 | D:7      | Reached skill level 5 in Fighting
  6346 | D:7      | Learned a level 1 spell: Freeze
  6505 | D:8      | Got a pair of scorched boots
  6508 | D:8      | Identified the cursed +0 pair of boots of the Invisible Hand {rF+ rC- rCorr Slay+6} (You found it on level 8 of the Dungeon)
  6639 | D:9      | Noticed a two-headed ogre
  6645 | D:9      | Killed a two-headed ogre
  6645 | D:9      | Reached skill level 5 in Dodging
  6645 | D:9      | Reached skill level 10 in Unarmed Combat
  6649 | D:9      | Noticed a cyclops
  6656 | D:8      | Reached XP level 10. HP: 76/80 MP: 9/9
  6662 | D:9      | Killed a cyclops
  6662 | D:9      | Reached skill level 1 in Evocations
  7050 | D:8      | Reached skill level 11 in Unarmed Combat
  7079 | D:8      | Noticed a two-headed ogre
  7090 | D:8      | Killed a two-headed ogre
  7568 | D:9      | Found an ancient bone altar of Kikubaaqudgha.
  7666 | D:10     | Entered Level 10 of the Dungeon
  7666 | D:10     | Noticed Maurice
  8146 | D:10     | Killed Maurice
  8146 | D:10     | Received a gift from Okawaru
  8169 | D:9      | Reached skill level 12 in Unarmed Combat
  8196 | D:9      | Reached XP level 11. HP: 24/89 MP: 11/11
  8456 | D:10     | Noticed a two-headed ogre
  8465 | D:10     | Killed a two-headed ogre
  8487 | D:11     | Found a labyrinth entrance.
  8493 | Lab      | Entered a labyrinth
  8633 | Lab      | Reached ****** piety under Okawaru
  8660 | Lab      | Got an iridescent hand crossbow
  9184 | Lab      | Noticed a minotaur
  9198 | Lab      | Slain by a minotaur

Skill      XL: |  1  2  3  4  5  6  7  8  9 10 11 |
---------------+----------------------------------+-----
Dodging        | 3 4 5 6 |  6.1
Stealth        | 3 4 5 6 8 9 |  9.7
Unarmed Combat | 4 5 6 7 8 10 12 | 12.9
Armour         | 1 2 3 4 |  4.7
Fighting       | 4 5 6 |  6.2
Evocations     | 2 |  2.8
Throwing       | |  0.2
Invocations    | |  0.3

Action                   |  1- 3 |  4- 6 |  7- 9 | 10-12 || total
-------------------------+-------+-------+-------+-------++-------
Melee: Unarmed           |    87 |   324 |   257 |   239 ||   907
       Punch             |     2 |       |     7 |    16 ||    25
Throw: Stone             |       |     7 |       |       ||     7
Invok: Heroism           |       |       |     2 |       ||     2
Evoke: Wand              |       |       |     5 |    24 ||    29
  Use: Potion            |     1 |       |    10 |     2 ||    13
       Scroll            |       |     7 |     5 |     8 ||    20
 Stab: Sleeping          |     4 |       |     3 |     2 ||     9
       Distracted        |       |       |     1 |       ||     1
  Eat: Chunk             |    17 |    74 |    31 |    49 ||   171
       Ration            |       |       |     2 |     1 ||     3
Armor: Robe              |    22 |       |       |       ||    22
       Chain mail        |     1 |   201 |    13 |       ||   215
       Plate armour      |       |       |     9 |       ||     9
       Leather armour    |       |       |    46 |    75 ||   121
Dodge: Dodged            |    49 |   119 |   131 |   142 ||   441
